 Dungeon Crawl Stone Soup version 0.29.1-1-gd02db6906a (webtiles) character file.

Game seed: 9529120099217192524

481412 LustLizard the Imperceptible (level 23, -21/133 HPs)
             Began as a Spriggan Hunter on Oct 6, 2022.
             Was the Champion of Dithmenos.
             Demolished by a grey draconian monk (26 damage)
             ... on level 4 of the Realm of Zot.
             The game lasted 04:00:39 (77680 turns).

LustLizard the Imperceptible (Spriggan Hunter)     Turns: 77680, Time: 04:00:40

Health: -21/133    AC: 10    Str: 12    XL:     23   Next: 42%
Magic:  32/32      EV: 23    Int: 26    God:    Dithmenos [******]
Gold:   2804       SH:  0    Dex: 26    Spells: 16/28 levels left

rFire   + . .      SeeInvis +   I - +9 arbalest (freeze)
rCold   + + +      Faith    .   (shield currently unavailable)
rNeg    . . .      Spirit   .   S - +4 skin of Zhor {*Englaciate rC+++ SInv}
rPois   .          Reflect  .   D - +2 hat {Int+3}
rElec   .          Harm     .   y - +0 cloak {Will+}
rCorr   +          Rampage  .   (gloves unavailable)
Will    +++++                   (boots unavailable) Stlth #*********
                                Q - amulet of Vitality {RegenMP++ Regen++}
HPRegen 1.92/turn               X - ring "Opu Sihyax" {rC- Str+4 Int+6 Slay+4}
MPRegen 1.03/turn               b - ring of Syst {rF+ rC+ rCorr}

@: held, wreathed by umbra, studying Invocations, very quick
A: very small, no large weapons, unfitting armour, see invisible, speed 3, thin
skeletal structure 1, clever 1, shaggy fur 1
}: 3/15 runes: decaying, abyssal, gossamer
a: Renounce Religion, Shadow Step, Shadow Form


You were on level 4 of the Realm of Zot.
You worshipped Dithmenos.
Dithmenos was exalted by your worship.
You visited 9 branches of the dungeon, and saw 44 of its levels.
You visited the Abyss 1 time.
You also visited: Ice Cave.

You collected 7486 gold pieces.
You spent 4682 gold pieces at shops.

Inventory:

Hand Weapons
 B - a +8 quick blade
 I - a +9 arbalest of freezing (weapon)
Missiles
 q - 58 poisoned darts
 Y - a throwing net
Armour
 y - a +0 cloak of willpower (worn)
 D - a +2 hat of intelligence (worn)
 H - +10 pearl dragon scales
 K - a +2 cloak
 S - the +4 skin of Zhor (worn) {*Englaciate rC+++ SInv}
   (You found it on level 1 of the Lair of Beasts)

   It radiates cold, occasionally slowing all nearby creatures who are not
   resistant to cold.
   rC:        It renders you almost immune to cold.
   SInv:      It lets you see invisible.
Jewellery
 a - a +6 ring of dexterity
 b - the ring of Syst (right hand) {rF+ rC+ rCorr}
   (You bought it in a shop on level 7 of the Dungeon)

   [ring of protection from fire]

   rF:        It protects you from fire.
   rC:        It protects you from cold.
   rCorr:     It protects you from acid and corrosion.
 k - a +4 ring of protection
 w - a ring of flight
 L - the amulet of the Festooned God {Spirit rPois}
   (You found it on level 2 of the Spider Nest)

   [amulet of guardian spirit]

   It causes incoming damage to be divided between your reserves of health and
   magic.
   rPois:     It protects you from poison.
 Q - the amulet of Vitality (around neck) {RegenMP++ Regen++}
   (You found it on level 1 of the Spider Nest)

   [amulet of magic regeneration]

   It increases your rate of magic regeneration.
   Regen:     It increases your rate of health regeneration.
 R - a +4 ring of evasion
 W - a ring of positive energy
 X - the ring "Opu Sihyax" (left hand) {rC- Str+4 Int+6 Slay+4}
   (You found it on level 5 of the Lair of Beasts)

   [ring of intelligence]

   Str:       It affects your strength (+4).
   Int:       It affects your intelligence (+6).
   Slay:      It affects your accuracy & damage with ranged weapons and melee
   (+4).
   rC:        It makes you vulnerable to cold.
Wands
 f - a wand of acid (8)
 l - a wand of polymorph (13)
 s - a wand of paralysis (46)
 E - a wand of flame (84)
 G - a wand of iceblast (31)
 J - a wand of mindburst (17)
 V - a wand of digging (6)
Scrolls
 h - 7 scrolls of teleportation
 i - 6 scrolls of fog
 p - 4 scrolls of poison
 t - 9 scrolls of noise
 u - 6 scrolls of amnesia
 z - 3 scrolls of magic mapping
 A - a scroll of acquirement
 N - 5 scrolls of silence
 P - a scroll of enchant armour
Potions
 c - 3 potions of berserk rage
 d - a potion of heal wounds
 e - 3 potions of invisibility
 g - 16 potions of ambrosia
 m - 15 potions of brilliance
 n - 4 potions of haste
 o - 2 potions of cancellation
 r - 8 potions of might
 v - 5 potions of magic
 x - 11 potions of mutation
 C - 18 potions of curing
 F - 4 potions of lignification
 M - 5 potions of resistance
 T - 10 potions of degeneration
Miscellaneous
 j - a box of beasts
 O - a phial of floods
 U - a condenser vane
 Z - a phantom mirror


   Skills:
 * Level 18.2 Fighting
 - Level 20.9 Ranged Weapons
 - Level 5.0 Armour
 + Level 24.1 Dodging
 + Level 26.1 Stealth
 - Level 3.0 Spellcasting
 - Level 2.0 Conjurations
 - Level 4.0 Transmutations
 - Level 3.0 Fire Magic
 - Level 3.9 Air Magic
 - Level 6.0 Poison Magic
 - Level 11.5 Invocations
 - Level 19.3 Evocations


You had 16 spell levels left.
You knew the following spells:

 Your Spells              Type           Power      Damage    Failure   Level
a - Mephitic Cloud        Conj/Pois/Air  24%        N/A       5%          3
b - Ignite Poison         Fire/Tmut/Pois 26%        N/A       4%          3
c - Teleport Other        Tloc           3%         N/A       28%         3
d - Swiftness             Air            24%        N/A       5%          3

Your spell library contained the following spells:

 Spells                   Type           Power      Damage    Failure   Level
 Shock                    Conj/Air       76%        1d7       2%          1
 Wereblood                Tmut           24%        N/A       2%          2
 Foxfire                  Conj/Fire      68%        2x1d7     3%          1
 Magic Dart               Conj           56%        1d5       4%          1
 Static Discharge         Conj/Air       19%        3-6/arc   4%          2
 Passwall                 Tmut/Erth      11%        N/A       6%          2
 Searing Ray              Conj           28%        2d5       6%          2
 Apportation              Tloc           6%         N/A       10%         1
 Necrotise                Necr           12%        1d4       10%         1
 Sandblast                Erth           6%         2d5       10%         1
 Summon Small Mammal      Summ           12%        N/A       10%         1
 Conjure Flame            Conj/Fire      17%        6-21      10%         3
 Call Imp                 Summ           3%         N/A       14%         2
 Ensorcelled Hibernation  Hex/Ice        6%         N/A       14%         2
 Sublimation of Blood     Necr           3%         N/A       14%         2
 Inner Flame              Hex/Fire       11%        N/A       16%         3
 Stone Arrow              Conj/Erth      18%        3d8       19%         3
 Airstrike                Air            12%        2d(2-18)  19%         4
 Call Canine Familiar     Summ           3%         N/A       28%         3
 Frozen Ramparts          Ice            6%         1d1       28%         3
 Gell's Gravitas          Tloc           3%         N/A       28%         3
 Lesser Beckoning         Tloc           3%         N/A       28%         3
 Ozocubu's Armour         Ice            3%         N/A       28%         3
 Summon Guardian Golem    Hex/Summ       3%         N/A       28%         3
 Flame Wave               Conj/Fire      17%        2d7       32%         4
 Sticky Flame             Conj/Fire      17%        2d4       32%         4
 Alistair's Intoxication  Tmut/Pois      19%        N/A       32%         5
 Ice Form                 Ice/Tmut       14%        N/A       38%         4
 Petrify                  Tmut/Erth      14%        N/A       38%         4
 Blade Hands              Tmut           12%        N/A       45%         5
 Fulminant Prism          Conj/Hex       4%         3d6       52%         4
 Animate Armour           Summ/Erth      6%         N/A       67%         4
 Animate Dead             Necr           3%         N/A       67%         4
 Cause Fear               Hex            1%         N/A       67%         4
 Dispel Undead            Necr           3%         3d7       67%         4
 Leda's Liquefaction      Hex/Erth       1%         N/A       67%         4
 Summon Ice Beast         Ice/Summ       3%         N/A       67%         4
 Fireball                 Conj/Fire      8%         3d6       67%         5
 Freezing Cloud           Conj/Ice/Air   7%         6-21      75%         5
 Iskenderun's Battlesphe  Conj           14%        2d7       75%         5
 Eringya's Noxious Bog    Tmut/Pois      14%        N/A       88%         6
 Borgnjor's Vile Clutch   Necr/Erth      1%         N/A       95%         5
 Lee's Rapid Deconstruct  Erth           1%         3d5*      95%         5
 Metabolic Englaciation   Hex/Ice        1%         N/A       95%         5
 Summon Mana Viper        Hex/Summ       3%         N/A       95%         5
 Conjure Ball Lightning   Conj/Air       9%         3x3d6     99%         6
 Starburst                Conj/Fire      8%         6d4       99%         6
 Statue Form              Tmut/Erth      9%         N/A       99%         6
 Iron Shot                Conj/Erth      4%         9d2       100%        6
 Simulacrum               Ice/Necr       1%         N/A       100%        6
 Dragon Form              Tmut           12%        N/A       100%        7
 Malign Gateway           Summ/Tloc      1%         N/A       100%        7
 Monstrous Menagerie      Summ           1%         N/A       100%        7
 Orb of Destruction       Conj           7%         9d6       100%        7
 Ozocubu's Refrigeration  Ice            1%         4d7       100%        7
 Summon Hydra             Summ           1%         N/A       100%        7
 Borgnjor's Revivificati  Necr           1%         N/A       100%        8
 Ignition                 Fire           9%         3d5       100%        8
 Infestation              Necr           1%         N/A       100%        8
 Necromutation            Tmut/Necr      7%         N/A       100%        8
 Summon Horrible Things   Summ           1%         N/A       100%        8
 Death's Door             Necr           1%         N/A       100%        9
 Dragon's Call            Summ           1%         N/A       100%        9


Dungeon Overview and Level Annotations

Branches:
Dungeon (15/15)            Temple (0/1) D:6            Lair (5/5) D:9
  Swamp (4/4) Lair:3       Spider (4/4) Lair:2        Slime (0/5) Lair:4
    Orc (2/2) D:10            Elf (2/3) Orc:2        Vaults (4/5) D:14
  Crypt (0/3) Vaults:3     Depths (4/4) D:15            Zot (4/5) Depths:4
  IceCv (visited)

Altars:
Ashenzari
Cheibriados
Dithmenos
Fedhas
Gozag
Makhleb
Sif Muna
Trog
Vehumet
Wu Jian
Yredelemnul
Zin
The Shining One
Jiyva

Shops:
D:7 =   D:12 [   D:14 [   Orc:1 =*   Orc:2 :[:=[   Elf:1 ?**   Elf:2 [
Vaults:1 =   Vaults:2 (   Vaults:3 (   Depths:4 :

Portals:
Hell: Lair:5 Depths:1 Depths:2 Depths:3 Depths:4
Abyss: Depths:3
Pandemonium: Depths:2
Ziggurat: Depths:3
Trove: Depths:1 (give +3 shadow dragon scales)

Annotations:
Swamp:4 Mara
Orc:1 2 transporters, hikkokomori's ghost, novice MiFi
Depths:4 exclusions: door and 2 more exclusions
Zot:3 exclusions: moth of wrath and orb of fire
Abyss:1 Nikola


Innate Abilities, Weirdness & Mutations

You are very small and have problems with some larger weapons.
You are too small for most types of armour.
You have supernaturally acute eyesight. (SInv)
You cover ground extremely quickly. (Speed+++)
You have a somewhat thin skeletal structure. (Dex +2, Stealth+)
Your mind is acute. (Int +4, Str/Dex -1)
You are covered in fur. (AC +1)


Message History

The grey draconian monk kicks you.
You emit a cloud of dark smoke.
The grey draconian monk completely misses you.
The grey draconian monk tail-slaps you but does no damage.
The grey draconian completely misses you.
The grey draconian tail-slaps you but does no damage.
The grey draconian drops a net on you.
You avoid being caught in a net.
The grey draconian misses you. x2
The grey draconian drops a net on you.
You become entangled in the net!
You stop ascending the stairs.
The grey draconian hits you with a +0 scimitar!!
The grey draconian tail-slaps you but does no damage.
The grey draconian monk hits you. The grey draconian monk kicks you!
The grey draconian monk tail-slaps you but does no damage.
The grey draconian monk barely misses you.
The grey draconian monk hits you! The grey draconian monk kicks you!
* * * LOW HITPOINT WARNING * * *
The grey draconian monk tail-slaps you but does no damage.
The grey draconian monk completely misses you.
The grey draconian barely misses you.
The grey draconian tail-slaps you but does no damage.
The grey draconian hits you with a +0 flail!
* * * LOW HITPOINT WARNING * * *
The grey draconian tail-slaps you but does no damage.
Unknown command.
You tear a large gash into the net.
You radiate an aura of cold.
The grey draconian resists.
The grey draconian seems to slow down.
The grey draconian resists.
The grey draconian monk seems to slow down.
The grey draconian resists.
The grey draconian monk resists.
The grey draconian resists. x2; The storm dragon is unaffected.
The grey draconian monk completely misses you.
The grey draconian monk closely misses you.
The grey draconian monk tail-slaps you!
* * * LOW HITPOINT WARNING * * *
The grey draconian monk tail-slaps you but does no damage.
The grey draconian completely misses you.
The grey draconian tail-slaps you.
* * * LOW HITPOINT WARNING * * *
The grey draconian monk hits you!!
You die...

#§.....≈#
##≈...§##
##.≈§##
#...#
#.8.#
##...##
##§§d^.##
#.§qqdd.#
#^§d@dd^#
#§.§§§.^#
##.^...##
##..^##
#+++#


You could see 2 draconians and 6 draconians.

Vanquished Creatures
  A caustic shrike (Depths:2)
  A curse toe (Zot:2)
  3 golden dragons
  2 bone dragons
  An electric golem (Zot:3)
  13 tentacled monstrosities
  A walking crystal tome (Depths:3)
  4 liches
  2 walking earthen tomes
  4 quicksilver dragons
  5 walking frostbound tomes
  6 death cobs
  An Executioner (Abyss:3)
  2 tentacled starspawn (Abyss:2)
  Gastronok (Lair:1)
  3 thorn hunters
  A sphinx (Vaults:2)
  Roxanne (Swamp:1)
  7 storm dragons
  Donald (Swamp:1)
  6 draconian monks
  8 shadow dragons
  A fenstrider witch (Swamp:3)
  4 emperor scorpions
  4 draconian knights
  6 frost giants
  Louise (Depths:3)
  4 draconian scorchers
  13 vault wardens
  A caustic shrike zombie (Depths:2)
  8 fire giants
  3 orc warlords
  8 ghost moths
  5 draconian stormcallers
  4 ghouls (Swamp:4)
  2 draconian shifters
  A draconian annihilator (Depths:4)
  4 broodmothers
  10 ironbound preservers
  2 war gargoyles
  A broodmother (shapeshifter) (Abyss:3)
  8 ironbound thunderhulks
  3 spriggan defenders
  14 stone giants
  6 vampire knights
  14 very ugly things
  7 red draconians
  3 eleionomae
  5 purple draconians
  4 green draconians
  Azrael (D:13)
  7 black draconians (Zot:3)
  10 dire elephants
  4 white draconians (Zot:3)
  2 bunyips (Swamp:1)
  7 entropy weavers
  13 spark wasps
  13 yellow draconians
  11 ettins
  A crystal guardian (Vaults:3)
  An eidolon (Abyss:3)
  2 deep elf death magi
  2 jiangshi (D:15)
  A deep elf high priest (Depths:4)
  5 yaktaur captains
  A merfolk impaler (Depths:4)
  3 shambling mangroves (Swamp:4)
  9 fire dragons
  9 great orbs of eyes
  5 rakshasas
  10 vault guards
  Fannar (D:10)
  A catoblepas (D:13)
  13 ice dragons
  2 peacekeepers
  13 two-headed ogres
  16 hydras
  3 ogre magi
  10 alligators
  3 caustic shrike simulacra (IceCv)
  4 boulder beetles
  3 jorogumos
  Erica (D:8)
  A two-headed ogre (shapeshifter) (Abyss:3)
  8 ironbound frosthearts
  5 radroaches
  15 centaur warriors
  19 dancing weapons
  2 spriggan air magi
  18 death yaks
  4 tengu warriors
  2 vampire magi
  5 deep troll earth magi
  3 thrashing horrors (Abyss:2)
  3 deep troll shamans
  6 death scarabs (Spider:4)
  11 deep elf knights
  9 spriggan berserkers
  Sonja (Lair:1)
  6 wretched stars
  2 sun demons
  A flayed ghost (Depths:3)
  A sun moth (Spider:2)
  5 goliath frogs
  8 iron trolls
  7 pharaoh ants
  A soul eater (Abyss:3)
  A glowing orange brain (Depths:1)
  A golden dragon zombie (Depths:3)
  7 spriggan druids
  A storm dragon skeleton (Depths:3)
  47 deep trolls
  2 orange crystal statues (IceCv)
  6 orb spiders
  10 steelbarb worms
  19 lindwurms
  A bog body (Swamp:1)
  5 spectral hydras (Swamp:4)
  2 phantasmal warriors
  A tengu zombie (Vaults:3)
  2 wizards
  3 deep elf archers
  10 orc knights
  8 swamp dragons
  3 spectral wolf spiders (Spider:4)
  4 harpies (Vaults:1)
  19 ugly things
  9 deep elf zephyrmancers
  A wolf spider zombie (Spider:4)
  17 deep elf pyromancers
  An iron dragon zombie (Vaults:3)
  10 ironbound convokers
  A shining eye (shapeshifter) (Depths:1)
  A frost giant zombie (Depths:3)
  6 orc sorcerers
  4 necromancers
  6 oklob plants
  A cyclops (shapeshifter) (Depths:3)
  A stone giant zombie (Depths:2)
  A wolf spider (shapeshifter) (Depths:2)
  4 manticores
  4 will-o-the-wisps
  4 cyclopes
  12 wolf spiders
  5 large abominations
  14 moths of wrath
  2 ice statues (Spider:2)
  A water nymph (shapeshifter) (Depths:2)
  2 fire giant skeletons
  A black mamba (D:9)
  A molten gargoyle (Lair:5)
  15 vault sentinels
  11 cane toads
  5 orange demons
  4 torpor snails
  A gargoyle (D:14)
  2 rime drakes (Lair:5)
  2 yaktaurs (shapeshifter)
  An apocalypse crab (Abyss:3)
  A smoke demon (Lair:5)
  A spectral redback (Spider:4)
  2 unseen horrors (shapeshifter)
  Maggie (D:10)
  21 demonic crawlers
  2 unseen horrors
  13 komodo dragons
  A spark wasp simulacrum (Depths:2)
  3 redback zombies (Spider:4)
  6 freezing wraiths
  29 yaktaurs
  2 anaconda simulacra (IceCv)
  3 ice devils (Lair:5)
  3 tengu conjurers
  2 hydra zombies (Swamp:4)
  A red devil (Lair:5)
  An ancient zyme (Abyss:3)
  A komodo dragon (shapeshifter) (Elf:2)
  2 golden dragon simulacra (IceCv)
  4 meliai
  A queen bee (Spider:2)
  A polar bear (Lair:4)
  2 death drake zombies (Swamp:4)
  A troll (shapeshifter) (Vaults:1)
  A meliai (shapeshifter) (D:15)
  2 bloated husks
  16 trolls
  3 spectral jumping spiders (Spider:4)
  2 spectral tarantellas (Spider:4)
  11 tyrant leeches
  A tarantella zombie (Spider:4)
  A spectral culicivora (Spider:4)
  22 hornets
  A raiju (Abyss:3)
  39 slime creatures
  2 hydra skeletons (Swamp:4)
  A wind drake (shapeshifter) (Elf:1)
  21 tarantellas
  A blink frog (Lair:5)
  2 culicivora zombies (Spider:4)
  A death drake skeleton (Swamp:4)
  A human simulacrum (Vaults:3)
  18 jumping spiders
  A centaur simulacrum (D:14)
  Sigmund (D:2)
  An air elemental (Elf:1)
  2 dire elephant simulacra (IceCv)
  13 water elementals
  19 culicivoras
  A shadow (D:13)
  10 fire bats
  18 spriggans
  2 wyverns
  5 wraiths
  Grum (D:8)
  2 ynoxinuls
  40 yaks
  2 neqoxecs
  7 fire elementals
  3 basilisks
  38 redbacks
  6 chaos spawn (Abyss:3)
  3 steam dragons
  7 vampire mosquitoes
  A spatial vortex (Abyss:3)
  3 wargs
  An acid dragon (D:13)
  2 harpy simulacra (IceCv)
  12 water moccasins
  3 hydra simulacra
  19 swamp worms
  6 hell hounds
  4 floating eyes
  6 swamp drakes
  24 orc warriors
  A swamp dragon zombie (Swamp:4)
  A glowing shapeshifter skeleton (Depths:2)
  A sky beast (D:6)
  3 black bears
  5 small abominations
  2 ettin simulacra (IceCv)
  An ice beast (D:6)
  29 ogres
  13 centaurs
  12 wolves
  A boggart (Vaults:2)
  2 swamp dragon skeletons (Swamp:4)
  A phantom (D:5)
  2 kobold brigands
  7 bullfrogs
  2 gnoll sergeants (D:12)
  4 scorpions
  An elf zombie (Elf:1)
  2 necrophages
  7 earth elementals
  18 wights
  27 killer bees
  2 lindwurm simulacra (IceCv)
  3 howler monkeys
  5 electric eels (Lair:5)
  2 bullfrog zombies (D:5)
  A centaur zombie (D:5)
  A quasit (Abyss:3)
  4 lava snakes (Lair:5)
  A hound (D:6)
  15 orc priests
  An iron imp (Abyss:2)
  2 jellies
  A scorpion zombie (D:5)
  25 orc wizards
  A hell rat (Lair:5)
  4 iguanas
  A hound zombie (D:5)
  Robin (D:2)
  16 gnolls
  3 adders
  2 white imps
  2 ufetubi
  5 worms
  5 dart slugs
  77 orcs
  8 endoplasms
  5 giant cockroaches
  12 goblins
  14 hobgoblins
  3 quokkas
  3 training dummies (Orc:1)
  7 ball pythons
  6 bats
  5 frilled lizards
  13 kobolds
  5 rats
  A briar patch (Swamp:2)
  A fire vortex (Depths:1)
  A lurking horror (Abyss:3)
  A starspawn tentacle (Abyss:2)
1772 creatures vanquished.

Vanquished Creatures (collateral kills)
  A deep troll earth mage (Depths:4)
  A spriggan (Depths:4)
2 creatures vanquished.

Vanquished Creatures (others)
  An orc wizard (Orc:1)
  A bush (Lair:2)
  A fire vortex (Lair:2)
  6 foxfires (Swamp:1)
  29 fungi
  97 plants
  3 starspawn tentacles (Abyss:2)
138 creatures vanquished.

Grand Total: 1912 creatures vanquished

Notes
Turn   | Place    | Note
-------+----------+-------------------------------------------
     0 | D:1      | LustLizard the Spriggan Hunter began the quest for the Orb.
     0 | D:1      | Reached XP level 1. HP: 10/10 MP: 2/2
    83 | D:1      | Reached skill level 2 in Stealth
   153 | D:1      | You fall into a shaft and drop 1 floor!
   181 | D:2      | Reached XP level 2. HP: 15/15 MP: 3/3
   214 | D:2      | Found a bloodstained altar of Trog.
   239 | D:2      | Reached skill level 3 in Stealth
   239 | D:2      | Reached XP level 3. HP: 18/18 MP: 4/4
   432 | D:2      | Noticed Robin
   462 | D:2      | Killed Robin
   463 | D:2      | Reached XP level 4. HP: 23/23 MP: 5/5
   524 | D:2      | Reached skill level 4 in Stealth
   812 | D:1      | Found a faded altar of an unknown god.
  1211 | D:2      | Noticed Sigmund
  1770 | D:3      | Found a snail-covered altar of Cheibriados.
  1868 | D:3      | Reached XP level 5. HP: 26/26 MP: 6/6
  1973 | D:3      | Reached skill level 5 in Ranged Weapons
  2039 | D:3      | Found a shimmering blue altar of Sif Muna.
  2157 | D:3      | Reached skill level 5 in Stealth
  2157 | D:3      | Identified the +5 war axe "Ruvuraojy" {protect, *Noise
                  | Str+2 SInv}
  3063 | D:4      | Found a broken altar of Ashenzari.
  3750 | D:5      | Entered Level 5 of the Dungeon
  3764 | D:5      | Noticed a black bear
  3830 | D:4      | Killed a black bear
  3831 | D:4      | Reached skill level 6 in Stealth
  3831 | D:4      | Reached XP level 6. HP: 32/32 MP: 7/7
  4053 | D:5      | Reached XP level 7. HP: 33/35 MP: 8/8
  4157 | D:5      | Reached skill level 7 in Stealth
  4499 | D:5      | Reached skill level 5 in Dodging
  4797 | D:5      | Reached skill level 8 in Stealth
  4858 | D:5      | Found a basalt altar of Yredelemnul.
  4910 | D:5      | Found a large runed translucent door.
  4911 | D:5      | Found a large runed translucent door.
  5120 | D:5      | Found a blossoming altar of Fedhas.
  5193 | D:5      | Found a radiant altar of Vehumet.
  5256 | D:5      | Reached XP level 8. HP: 38/40 MP: 9/9
  5305 | D:5      | Found a shadowy altar of Dithmenos.
  5308 | D:5      | Became a worshipper of Dithmenos the Shadowed
  6135 | D:2      | Killed Sigmund
  6136 | D:2      | Reached skill level 9 in Stealth
  6429 | D:6      | Learned a level 3 spell: Mephitic Cloud
  6433 | D:6      | Learned a level 3 spell: Ignite Poison
  6838 | D:6      | Found a staircase to the Ecumenical Temple.
  6994 | D:6      | Found a bloodstained altar of Trog.
  7088 | D:6      | Reached skill level 1 in Transmutations
  7235 | D:6      | Reached skill level 1 in Poison Magic
  7285 | D:6      | Reached skill level 1 in Air Magic
  7536 | D:6      | Reached skill level 1 in Fire Magic
  7765 | D:6      | Reached skill level 10 in Stealth
  7852 | D:7      | Found Coes's Jewellery Shoppe.
  7864 | D:7      | Reached skill level 1 in Conjurations
  7878 | D:6      | Reached XP level 9. HP: 45/45 MP: 10/10
  8895 | D:7      | Noticed a troll
  8947 | D:7      | Noticed a komodo dragon
  8948 | D:7      | Noticed a cyan ugly thing
  9405 | D:7      | Identified the +7 quarterstaff of Oluif {venom, Will++
                  | Int-4 Dex+2}
  9532 | D:7      | Reached skill level 11 in Stealth
  9876 | D:7      | Killed a troll
  9877 | D:7      | Reached XP level 10. HP: 41/51 MP: 11/11
 10231 | D:8      | Noticed Grum
 10365 | D:8      | Killed Grum
 10365 | D:8      | Reached * piety under Dithmenos
 10366 | D:8      | Reached skill level 5 in Fighting
 10932 | D:8      | Noticed Erica
 11317 | D:9      | Noticed a two-headed ogre
 11362 | D:9      | Killed a two-headed ogre
 11363 | D:9      | Reached skill level 5 in Poison Magic
 11419 | D:9      | Noticed a two-headed ogre
 11465 | D:9      | Killed a two-headed ogre
 11466 | D:9      | Reached skill level 12 in Stealth
 11562 | D:9      | Noticed a death yak
 12022 | D:7      | Killed a death yak
 12023 | D:7      | Reached skill level 10 in Ranged Weapons
 12300 | D:9      | Noticed a death yak
 12308 | D:9      | Noticed a death yak
 12415 | D:9      | Killed a death yak
 12416 | D:9      | Reached XP level 11. HP: 56/56 MP: 12/12
 12450 | D:9      | Reached skill level 13 in Stealth
 12562 | D:9      | Killed a death yak
 12563 | D:9      | Reached skill level 1 in Spellcasting
 12870 | D:9      | Found a staircase to the Lair.
 13081 | D:10     | Entered Level 10 of the Dungeon
 13142 | D:10     | Noticed Fannar
 13158 | D:10     | Found a staircase to the Orcish Mines.
 13181 | D:10     | Found an ornate altar of the Wu Jian Council.
 14112 | D:8      | Killed Erica
 14950 | D:10     | Found a glowing golden altar of the Shining One.
 15356 | D:10     | Noticed Maggie
 15371 | D:10     | Killed Maggie
 15672 | D:10     | Reached ** piety under Dithmenos
 16495 | D:11     | Noticed a cyan ugly thing
 16533 | D:11     | Noticed a four-headed hydra
 16609 | D:11     | Killed a four-headed hydra
 16610 | D:11     | Reached skill level 1 in Evocations
 16962 | D:11     | Killed a cyan ugly thing
 16963 | D:11     | Reached skill level 14 in Stealth
 16963 | D:11     | Reached skill level 1 in Invocations
 17331 | D:11     | Noticed a two-headed ogre
 17422 | D:11     | Killed a two-headed ogre
 18698 | Lair:1   | Entered Level 1 of the Lair of Beasts
 18702 | Lair:1   | Noticed Gastronok
 19031 | Lair:1   | Noticed Sonja
 19154 | Lair:1   | Identified the +10 scimitar "Sikynk" {spect, rN+}
 19226 | Lair:1   | Found the +4 skin of Zhor {*Englaciate rC+++ SInv}
 19365 | D:9      | Reached XP level 12. HP: 34/63 MP: 8/17
 19566 | Lair:1   | Killed Sonja
 19626 | Lair:1   | Killed Gastronok
 20381 | Lair:2   | Reached *** piety under Dithmenos
 20442 | Lair:2   | Found a hole to the Spider Nest.
 20688 | Lair:2   | Reached skill level 15 in Stealth
 20707 | Lair:2   | Noticed a seven-headed hydra
 20802 | Lair:2   | Killed a seven-headed hydra
 20803 | Lair:2   | Reached skill level 5 in Evocations
 22495 | Lair:2   | Identified the +4 flail "Dragon's Death Toll" {flame, MP+9}
 22838 | Lair:3   | Noticed an eight-headed hydra
 22840 | Lair:3   | Noticed a five-headed hydra
 22881 | Lair:2   | Killed an eight-headed hydra
 23166 | Lair:2   | Killed a five-headed hydra
 23999 | Lair:3   | Reached XP level 13. HP: 68/68 MP: 18/18
 24341 | Lair:3   | Found a staircase to the Swamp.
 24438 | Lair:4   | Reached skill level 5 in Invocations
 25362 | Lair:4   | Found a viscous altar of Jiyva.
 25362 | Lair:4   | Found a staircase to the Slime Pits.
 25549 | Lair:5   | Entered Level 5 of the Lair of Beasts
 25555 | Lair:5   | Reached skill level 16 in Stealth
 25640 | Lair:5   | Identified a scroll of acquirement
 26500 | Lair:4   | Reached **** piety under Dithmenos
 27882 | Lair:5   | Noticed a dire elephant
 27903 | Lair:5   | Noticed a dire elephant
 28092 | Lair:4   | Killed a dire elephant
 28616 | Lair:5   | Killed a dire elephant
 28858 | Lair:5   | Reached skill level 17 in Stealth
 28969 | Lair:5   | Identified the ring "Opu Sihyax" {rC- Str+4 Int+6 Slay+4}
 29038 | Lair:5   | Found a burning altar of Makhleb.
 29302 | Lair:5   | Reached XP level 14. HP: 71/74 MP: 19/19
 29688 | Lair:5   | Found a gateway to Hell.
 30036 | D:10     | Killed Fannar
 30037 | D:10     | Reached skill level 15 in Ranged Weapons
 30061 | Orc:1    | Entered Level 1 of the Orcish Mines
 30078 | Orc:1    | Found a transporter.
 30080 | Orc:1    | Found Seothuo's Jewellery Shoppe.
 30151 | Orc:1    | Reached ***** piety under Dithmenos
 30180 | Orc:1    | Noticed hikkokomori's ghost (novice MiFi)
 30225 | Orc:1    | Found Idorof's General Store.
 30234 | Orc:1    | Found Puadeseng's Specific Store.
 30237 | Orc:1    | Bought a scroll of identify for 24 gold pieces
 30242 | Orc:1    | Bought 3 scrolls of enchant armour for 292 gold pieces
 30313 | Orc:1    | Noticed an orc warlord
 30331 | Orc:1    | Killed an orc warlord
 30735 | Orc:1    | Found Beabucre's Firing Range.
 30883 | Orc:1    | Found a transporter.
 30980 | Orc:1    | Learned a level 3 spell: Teleport Other
 31073 | Orc:2    | Entered Level 2 of the Orcish Mines
 31166 | Orc:2    | Found a staircase to the Elven Halls.
 31274 | Orc:2    | Found Asucor's Vocational Training.
 31529 | Orc:2    | Reached ****** piety under Dithmenos
 31532 | Orc:2    | Reached skill level 18 in Stealth
 31618 | Orc:2    | Noticed an orc warlord
 32355 | Orc:2    | Found Tepow's Book Emporium.
 32360 | Orc:2    | Found Hiteosk's Armour Shop.
 32370 | Orc:2    | Found Doukkuivui's Armour Shoppe.
 32371 | Orc:2    | Found Ulem's Jewellery Shoppe.
 32803 | D:12     | Reached skill level 10 in Fighting
 32851 | D:12     | Found Yliu's Armour Boutique.
 33747 | D:13     | Reached XP level 15. HP: 80/80 MP: 20/20
 33845 | D:13     | Noticed Azrael
 34191 | D:13     | Identified the +1 robe of the Falcon {+Blink rElec rF-
                  | Slay-5}
 34226 | D:13     | Reached skill level 19 in Stealth
 34845 | D:13     | Killed Azrael
 35068 | D:14     | Found Suicinim's Antique Armour Shop.
 35209 | D:14     | Found a gate to the Vaults.
 35499 | D:14     | Found a glowing silver altar of Zin.
 35720 | D:15     | Entered Level 15 of the Dungeon
 37105 | D:15     | Reached skill level 20 in Stealth
 37136 | D:15     | Found a staircase to the Depths.
 37202 | D:15     | Found an opulent altar of Gozag.
 37478 | D:7      | Bought the ring of Syst {rF+ rC+ rCorr} for 624 gold pieces
 37594 | Swamp:1  | Entered Level 1 of the Swamp
 37894 | Swamp:1  | Noticed a thorn hunter
 37904 | Swamp:1  | Killed a thorn hunter
 38101 | Swamp:1  | Noticed Donald
 38139 | Swamp:1  | Killed Donald
 38564 | Swamp:1  | Identified Roxanne's Codex of Metal
 38564 | Swamp:1  | Noticed Roxanne
 38583 | Swamp:1  | Killed Roxanne
 38712 | Swamp:2  | Reached XP level 16. HP: 51/87 MP: 11/21
 39721 | Swamp:2  | Noticed a thorn hunter
 39746 | Swamp:2  | Killed a thorn hunter
 40536 | Swamp:2  | Reached skill level 1 in Armour
 41192 | Swamp:4  | Entered Level 4 of the Swamp
 41840 | Swamp:4  | Reached skill level 10 in Dodging
 42670 | Swamp:4  | Reached skill level 10 in Evocations
 43645 | Swamp:4  | Noticed Mara
 44298 | Swamp:4  | Noticed a thorn hunter
 44481 | Swamp:4  | Killed a thorn hunter
 44673 | Swamp:4  | Found a blossoming altar of Fedhas.
 44716 | Swamp:4  | Got a decaying rune of Zot
 44784 | Swamp:4  | Found a basalt altar of Yredelemnul.
 44955 | Spider:1 | Entered Level 1 of the Spider Nest
 45065 | Spider:1 | Reached XP level 17. HP: 93/93 MP: 24/24
 45690 | Spider:1 | Found the amulet of Vitality {RegenMP++ Regen++}
 46706 | Spider:2 | Found a frozen archway.
 46737 | IceCv    | Entered an ice cave
 47866 | Spider:2 | Identified the amulet of the Festooned God {Spirit rPois}
 47877 | Spider:2 | Got the Atlas of the Entourage and Black Mysteries
 48248 | Spider:2 | Reached skill level 15 in Dodging
 48526 | Spider:2 | Reached skill level 10 in Invocations
 49851 | Spider:4 | Entered Level 4 of the Spider Nest
 50209 | Spider:4 | Reached XP level 18. HP: 100/100 MP: 26/26
 51610 | Spider:4 | Got a gossamer rune of Zot
 51900 | Orc:2    | Bought the dreamshard necklace {*Dream Drain} for 2400 gold
                  | pieces
 51900 | Orc:2    | Found the dreamshard necklace {*Dream Drain}
 51936 | Orc:2    | Bought a manual of Evocations for 1200 gold pieces
 52046 | Vaults:1 | Entered Level 1 of the Vaults
 53098 | Vaults:1 | Found Radeuh's Jewellery Boutique.
 53107 | Vaults:1 | Noticed Nikola
 53113 | Vaults:1 | Banished Nikola
 54145 | Vaults:1 | Reached XP level 19. HP: 105/105 MP: 27/27
 55399 | Vaults:2 | Reached skill level 5 in Armour
 56138 | Vaults:2 | Found Omiunwun's Antique Weapon Shoppe.
 57052 | Vaults:3 | Reached skill level 21 in Stealth
 57428 | Vaults:3 | Found Igusa's Antique Weapon Shop.
 57447 | Vaults:3 | Reached skill level 15 in Evocations
 57579 | Vaults:3 | Noticed a bone dragon
 57630 | Vaults:3 | Killed a bone dragon
 57664 | Vaults:3 | Found a staircase to the Crypt.
 57902 | Vaults:3 | You fall into a shaft and drop 1 floor!
 58632 | Vaults:3 | Reached XP level 20. HP: 112/112 MP: 28/28
 58831 | Vaults:3 | Noticed a golden dragon
 58843 | Vaults:3 | Killed a golden dragon
 59360 | Vaults:3 | Identified the +8 chain mail "Naigrom" {Str+4}
 60558 | Vaults:4 | Reached skill level 22 in Stealth
 60975 | Elf:1    | Entered Level 1 of the Elven Halls
 61458 | Elf:1    | Found Etyhit's General Store.
 61532 | Elf:1    | Found Ruurezos's Assorted Antiques.
 61958 | Elf:1    | Got Tusud's Meditations on Unholy Rituals
 62027 | Elf:1    | Found Megoil's Magic Scroll Boutique.
 62039 | Elf:1    | Bought a scroll of enchant weapon for 142 gold pieces
 62311 | Elf:2    | Found a huge runed translucent gate.
 62311 | Elf:2    | Found a huge runed translucent gate.
 62311 | Elf:2    | Found a huge runed translucent gate.
 62311 | Elf:2    | Found a huge runed translucent gate.
 62313 | Elf:2    | Found a huge runed translucent gate.
 62353 | Elf:2    | Reached skill level 15 in Fighting
 62360 | Elf:2    | Found Meocaug's Armour Shop.
 62405 | Elf:2    | Learned a level 3 spell: Swiftness
 63572 | Depths:1 | Entered Level 1 of the Depths
 65199 | Depths:1 | Paralysed by a floating eye for 2 turns
 65203 | D:15     | Paralysed by a floating eye for 4 turns
 65210 | D:15     | Paralysed by a floating eye for 3 turns
 66124 | Depths:1 | Found a portal to a secret trove of treasure.
 66206 | Depths:1 | Reached XP level 21. HP: 117/117 MP: 29/29
 66233 | Depths:1 | Found a radiant altar of Vehumet.
 66587 | Depths:2 | Paralysed by a floating eye for 4 turns
 66788 | Depths:2 | Reached skill level 23 in Stealth
 66836 | Depths:1 | Gained mutation: Your mind is acute. (Int +4, Str/Dex -1)
                  | [a shining eye]
 66865 | Depths:2 | Noticed a caustic shrike
 66880 | Depths:2 | Killed a caustic shrike
 67119 | Depths:2 | Found a one-way gate leading to the halls of Pandemonium.
 68232 | Depths:2 | Identified the +0 plate armour "Kyemin" {Dex+4}
 68701 | Depths:3 | Found a one-way gateway to a ziggurat.
 68721 | Depths:3 | Found a shimmering blue altar of Sif Muna.
 69117 | Depths:3 | Found a one-way gate to the infinite horrors of the Abyss.
 69119 | Depths:3 | Noticed Louise
 69135 | Depths:3 | Killed Louise
 69427 | Depths:3 | Reached skill level 24 in Stealth
 69815 | Depths:3 | Noticed a golden dragon
 69836 | Depths:3 | Killed a golden dragon
 69898 | Depths:4 | Entered Level 4 of the Depths
 70057 | Depths:4 | Reached XP level 22. HP: 72/124 MP: 30/30
 70169 | Depths:4 | Found a gate to the Realm of Zot.
 70911 | Depths:4 | Noticed a caustic shrike
 70911 | Depths:4 | Noticed a caustic shrike
 70911 | Depths:4 | Noticed a caustic shrike
 70911 | Depths:4 | Noticed a caustic shrike
 71162 | Depths:4 | Found Ukoim's Book Emporium.
 71834 | Depths:4 | Lost mutation: Your mind is acute. (Int +4, Str/Dex -1)
                  | [potion of mutation]
 71834 | Depths:4 | Gained mutation: You are covered in fur. (AC +1) [potion of
                  | mutation]
 71834 | Depths:4 | Gained mutation: Your mind is acute. (Int +4, Str/Dex -1)
                  | [potion of mutation]
 71834 | Depths:4 | Gained mutation: You have a somewhat thin skeletal
                  | structure. (Dex +2, Stealth+) [potion of mutation]
 71892 | Depths:3 | Voluntarily entered the Abyss.
 72121 | Abyss:2  | Found a corrupted altar of Lugonu.
 72143 | Abyss:2  | Found a corrupted altar of Lugonu.
 72191 | Abyss:3  | Found an ancient bone altar of Kikubaaqudgha.
 72200 | Abyss:3  | Found an ancient bone altar of Kikubaaqudgha.
 72200 | Abyss:3  | Found an ancient bone altar of Kikubaaqudgha.
 72220 | Abyss:3  | Found a corrupted altar of Lugonu.
 72225 | Abyss:3  | Found a corrupted altar of Lugonu.
 72388 | Abyss:3  | Got an abyssal rune of Zot
 72571 | Abyss:3  | Found a snail-covered altar of Cheibriados.
 72729 | Depths:3 | Escaped the Abyss
 72780 | Zot:1    | Entered Level 1 of the Realm of Zot
 74112 | Zot:1    | Reached skill level 25 in Stealth
 74795 | Zot:2    | Identified the +6 scimitar of Egomania {flame, rElec rN+
                  | Str+3 Int-4}
 74996 | Zot:3    | Noticed an orb of fire
 75026 | Zot:3    | Noticed a curse toe
 75110 | Zot:2    | Killed a curse toe
 75444 | Zot:3    | Noticed a golden dragon
 75448 | Zot:3    | Killed a golden dragon
 75449 | Zot:3    | Reached XP level 23. HP: 131/131 MP: 32/32
 76531 | Zot:3    | Found a glowing golden altar of the Shining One.
 77048 | Zot:3    | Reached skill level 26 in Stealth
 77525 | Zot:3    | Got the Papyrus of the Zealot
 77552 | Zot:3    | Got Sif Muna's Omnibus of Fire and Brimstone
 77680 | Zot:4    | HP: 5/133 [grey draconian/+0 scimitar (2)]
 77680 | Zot:4    | Demolished by a grey draconian monk

Illustrated notes

Levels and vault maps discovered:
D:1:      ebering_trefoil_3fold, layout_basic, nicolae_ecumenical_snake_handling
D:2:      layout_loops_ring, basic_altar, chequers_serial_rivers_room_b,
          st_stairs_3, uniq_robin, uniq_sigmund
D:3:      layout_basic, grunt_temple_overflow_open
D:4:      layout_gridville, nicolae_ashenzari_skybound,
          minmay_misc_feat_four_crosses, minmay_misc_feat_secret_circle
D:5:      layout_cave_pools, fedhas_bush_and_centaur_altar,
          nicolae_yredelemnul_corpse_copse, jmf_multi_god_temple2
D:6:      cheibrodos_quashed, layout_basic, mainiacjoe_overflow_alcove_1,
          temple_statues, kennysheep_generic_room_12
D:7:      layout_cave_pods, serial_shops, nicolae_shop_crystal,
          lightli_corner_chamber
D:8:      layout_rooms, uniq_grum, uniq_erica
D:9:      kennysheep_six_static_rooms, layout_irregular_city,
          dpeg_lair_monsters, serial_co_window_serial,
          co_window_of_opportunity_a, co_window_paths_b, co_window_paths_a,
          co_window_paths_b, co_window_corner_a, co_window_cross_1,
          co_window_of_opportunity_a, co_window_of_opportunity_a,
          co_window_paths_b, co_window_broadway_b, co_window_2corner,
          co_window_cross_2, minivault_11
D:10:     layout_irregular_city, nicolae_tso_carved_into_rock,
          nicolae_wu_jian_immortal_techniques, orc_0_dummy, uniq_fannar,
          uniq_maggie
D:11:     layout_roguey
D:12:     lemuel_ice_spiral_2, layout_basic, serial_shops,
          nicolae_shop_temple_entry_statues_fountains
D:13:     layout_irregular_city, uniq_azrael
D:14:     layout_cave_pools, lightli_vaults_fourway_checkpoint, serial_shops,
          shop, corexii_hall_statues_l, zin_treasury
D:15:     grunt_enter_depths_hoard, layout_gridville,
          nicolae_gozag_cash_rules_everything_around_me
Lair:1:   layout_misc_corridors, uniq_gastronok, uniq_sonja
Lair:2:   minmay_lair_oklob_chamber, layout_gridlike,
          hellmonk_spider_entry_not_the_bees
Lair:3:   layout_big_grid, palyth_hydra_swamp_entry
Lair:4:   layout_cave_pods, dpeg_slime_entry_enclosed
Lair:5:   evil_forest, layout_misc_corridors, nicolae_lair_liquid_snakes,
          serial_bayou_shore_a, serial_bayou_shore_b
Swamp:1:  layout_falls_marsh, nicolae_swamp_small_spring, uniq_roxanne,
          uniq_donald
Swamp:2:  layout_falls_marsh, evilmike_swamp_ruin_house_1,
          infiniplex_staircase_pool_2
Swamp:3:  layout_basic_swamp, serial_swamp_ruin, hangedman_swamp_ruin_hall,
          evilmike_swamp_ruin_rubble_2, hangedman_swamp_ruin_wall
Swamp:4:  byrel_swamp_growth_death_and_undeath, layout_basic_swamp, uniq_mara
Spider:1: layout_spider_delve, hangedman_spider_tarantella_strand
Spider:2: nicolae_spider_hall_of_the_moth_king, special_room [special_room_bee],
          portal_ice_cave_entry_ice_statue_one, worms_lemuel
Spider:3: layout_spider_delve, nicolae_spider_cling_halls
Spider:4: floodkiller_spider_rune_tomb
Orc:1:    layout_diamond_mine, gammafunk_ghost_stat_death, serial_shops, shop,
          nicolae_orc_lava_tube, lemuel_statue_altar, nicolae_specific_store,
          statue_in_the_mist_lemuel, nicolae_shop_firing_range
Orc:2:    st_orc_open, layout_caves, nicolae_shop_vocational
Elf:1:    nicolae_elf_arrival_fired_up, layout_geoelf_octagon, serial_shops,
          nicolae_lakefront_shop, shop, nicolae_shop_advertising_works
          [nicolae_subvault_shop_adworks], minmay_elf_necromancy
Elf:2:    elven_hall_of_blades_hangedman_alternative
          [nicolae_blade_entry_antechamber], layout_loops_cross, serial_shops,
          nicolae_shop_window_shopping, einodemon_barbed_minivault
Vaults:1: dpeg_vaults_pockets_of_resistance, nicolae_vaults_little_squares_4,
          vaults_room_hallway, hangedman_vaults_trim,
          nicolae_vaults_little_squares_1, nicolae_vaults_little_squares_6,
          layout_vaults_omnigrid, serial_shops, shop, uniq_nikola
Vaults:2: ontoclasm_vaults_ring_large, v_pattern_5,
          nicolae_vaults_network_quincunx
          [nicolae_vaults_network_quincunx_subvault,
          nicolae_vaults_network_quincunx_subvault,
          nicolae_vaults_network_quincunx_subvault,
          nicolae_vaults_network_quincunx_subvault,
          nicolae_vaults_network_quincunx_subvault], vaults_mumra_lcd,
          vaults_room_corners, vaults_dpeg_diagonal, layout_vaults_chaotic_city,
          serial_shops, nicolae_shop_crystal
Vaults:3: nicolae_vaults_branching_niches, grunt_vaults_hallway_short,
          v_misc_33, v_alt_pattern_3, minmay_crypt_entry_nasty_monster,
          v_misc_2, nicolae_vaults_specimen_jars, nicolae_vaults_circle_grid_b,
          v_misc_3, layout_vaults_omnibox, serial_shops, nicolae_square_shop
Vaults:4: hangedman_vaults_cutoff, hangedman_vaults_pinch,
          hangedman_vaults_capsules, hangedman_vaults_unwind,
          vaults_room_corners, kb_rosetta, nicolae_vaults_network_square,
          grunt_vaults_focal, nicolae_vaults_rhombus_6, v_misc_16,
          layout_vaults_maze
Depths:1: layout_big_octagon, hell_entry, grunt_decor_one_mirror, enter_trove_1,
          fiery_altar_vehumet
Depths:2: minmay_bad_star, layout_cave_pools, pan_entry, hell_entry,
          chequers_serial_rivers_micro_a, minmay_the_grid_square_5x5_3x3_mashed
          [minmay_the_grid_square_5x5_z, minmay_the_grid_square_5x5_percent,
          minmay_the_grid_square_5x5_forky, minmay_the_grid_square_5x5_mess,
          minmay_the_grid_square_5x5_megaprize_diamond,
          minmay_the_grid_square_5x5_intrusive_squares,
          minmay_the_grid_square_5x5_minimal,
          minmay_the_grid_square_5x5_moneybag,
          minmay_the_grid_square_5x5_pentomino_r]
Depths:3: minmay_two_paths, layout_basic, ziggurat_fallback,
          nicolae_abyss_entry_one_way_or_another, old_standard_altar,
          hangedman_geh_valley
Depths:4: grunt_zot_entry_tricorne, layout_gridlike, serial_shops,
          nicolae_shop_crystal, hell_entry, grunt_ministairs_4,
          serial_sigils_hangedman_snap, serial_bayou_lake_a
Zot:1:    layout_basic, grunt_ministairs_14, hangedman_zot_wheel_spokes
Zot:2:    layout_cellular_growth
Zot:3:    nicolae_zot_draconian_monastery, layout_twisted_circle
Zot:4:    ebering_greatest_show_in_zot, layout_twisted_circle

Skill      XL: |  1  2  3  4  5  6  7  8  9 10 11 12 13 14 15 16 17 18 19 20 21 22 23 |
---------------+----------------------------------------------------------------------+-----
Stealth        | 2 3 4 6 8 10 11 12 14 15 17 18 20 21 22 24 25 26 | 26.1
Dodging        | 3 4 5 6 7 12 16 19 20 21 22 23 24 | 24.1
Fighting       | 2 3 4 6 7 8 10 11 13 14 15 16 17 18 | 18.2
Ranged Weapons | 5 6 7 8 10 12 13 14 16 18 19 20 | 20.9
Transmutations | 2 4 |  4.0
Poison Magic   | 1 3 5 6 |  6.0
Air Magic      | 1 2 3 |  3.9
Fire Magic     | 1 2 3 |  3.0
Conjurations   | 1 2 |  2.0
Spellcasting   | 3 |  3.0
Evocations     | 3 6 7 8 10 12 15 18 19 | 19.3
Invocations    | 2 4 5 6 8 10 11 | 11.5
Armour         | 3 4 5 |  5.0

Action                   |  1- 3 |  4- 6 |  7- 9 | 10-12 | 13-15 | 16-18 | 19-21 | 22-24 || total
-------------------------+-------+-------+-------+-------+-------+-------+-------+-------++-------
Melee: Arbalest          |       |       |       |       |       |     2 |       |     2 ||     4
 Fire: Shortbow          |    62 |   233 |   407 |  1339 |       |       |       |       ||  2041
       Arbalest          |       |       |       |    17 |  1306 |  1527 |  1680 |   951 ||  5481
Throw: Dart              |       |       |       |     4 |       |       |       |       ||     4
 Cast: Mephitic Cloud    |       |       |       |    17 |    18 |       |     2 |       ||    37
       Ignite Poison     |       |       |       |     7 |     9 |       |     1 |       ||    17
Evoke: Wand              |       |       |       |       |       |       |     3 |       ||     3
       Box of beasts     |       |       |       |       |       |       |       |     1 ||     1
  Use: Scroll            |       |     6 |     1 |    12 |    33 |    11 |     9 |     7 ||    79
       Potion            |       |       |       |     6 |     1 |     5 |     8 |    11 ||    31
Armor: Robe              |       |     4 |     3 |       |       |       |       |       ||     7
       Troll leather arm |       |       |       |    33 |       |       |       |       ||    33
       Acid dragon scale |       |       |       |    53 |    29 |       |       |       ||    82
       Steam dragon scal |       |       |       |     1 |       |       |       |       ||     1
       Animal skin       |       |       |       |       |    38 |    45 |    56 |    41 ||   180
       Pearl dragon scal |       |       |       |       |     8 |   140 |    32 |       ||   180
Dodge: Dodged            |     4 |    40 |    75 |   594 |   319 |  1031 |   906 |   807 ||  3776
